 Dungeon Crawl Stone Soup version 0.30-b1-5-g8e6c1be481 (webtiles) character file.

Game seed: 775096192813734926

66463 Erymatos the Severer (level 14, 0/189 HPs)
             Began as a Minotaur Berserker on May 4, 2023.
             Was a High Priest of Trog.
             Slain by a catoblepas (6 damage)
             ... while petrified by a catoblepas
             ... on level 5 of the Lair of Beasts.
             The game lasted 01:06:05 (19675 turns).

Erymatos the Severer (Minotaur Berserker)          Turns: 19675, Time: 01:06:06

Health: 0/189      AC: 16    Str: 25    XL:     14   Next: 79%
Magic:  0/13       EV:  2    Int:  4    God:    Trog [*****.]
Gold:   861        SH:  0    Dex: 12    Spells: 13/13 levels left

rFire   + + .        P - +5 broad axe (flame)
rCold   + . .        (no shield)
rNeg    + + +        L - +4 ring mail of Jiluttay {rC+ rN+}
rPois   ∞            I - +2 hat
rElec   .            g - +2 cloak
rCorr   .            R - +0 pair of gloves
SInv    .            Q - +0 pair of boots
Will    +....        T - amulet of guardian spirit Stlth
                     n - +5 ring of evasion
HPRegen 0.51/turn    A - ring of Lok Yph {rF++ EV+5}
MPRegen 0.13/turn

%: guardian spirit
@: berserking (expiring), petrified, corroded
A: horns 2, retaliatory headbutt, frail 1
a: Renounce Religion, Berserk, Trog's Hand, Brothers in Arms


You were on level 5 of the Lair of Beasts.
You worshipped Trog.
Trog was extremely pleased with you.
You visited 4 branches of the dungeon, and saw 20 of its levels.
You also visited: Sewer, Bailey and Ice Cave.

You collected 2297 gold pieces.
You spent 1436 gold pieces at shops.

Inventory:

Hand Weapons
 m - the +6 battleaxe of a wizard's laboratory {antimagic, rPois rN+ Int-5 Stlth+}
   (Trog gifted it to you on level 5 of the Lair of Beasts)

   Int:       It affects your intelligence (-5).
   rPois:     It protects you from poison.
   rN:        It protects you from negative energy.
   Stlth:     It makes you more stealthy.
 t - the +6 hand axe of Linearity {freeze, rPois rCorr}
   (You found it on level 4 of the Dungeon)

   rPois:     It protects you from poison.
   rCorr:     It protects you from acid and corrosion.
 P - a +5 broad axe of flaming (weapon)
Armour
 g - a +2 cloak (worn)
 s - a scarf of invisibility
 I - a +2 hat (worn)
 L - the +4 ring mail of Jiluttay (worn) {rC+ rN+}
   (You found it on level 8 of the Dungeon)

   rC:        It protects you from cold.
   rN:        It protects you from negative energy.
 Q - a +0 pair of boots (worn)
 R - a +0 pair of gloves (worn)
Jewellery
 c - an amulet of the acrobat
 n - a +5 ring of evasion (left hand)
 A - the ring of Lok Yph (right hand) {rF++ EV+5}
   (You bought it in a shop on level 2 of the Orcish Mines)

   [ring of evasion]

   EV:        It affects your evasion (+5).
   rF:        It greatly protects you from fire.
 T - an amulet of guardian spirit (around neck)
 V - a +6 ring of strength
Wands
 l - a wand of flame (10)
 C - a wand of roots (8)
 D - a wand of charming (9)
 J - a wand of quicksilver (22)
 N - a wand of polymorph (4)
Scrolls
 a - 3 scrolls of acquirement
 d - 5 scrolls of fog
 f - 5 scrolls of poison
 h - 5 scrolls of fear
 o - 3 scrolls of enchant armour
 q - 4 scrolls of torment
 r - 3 scrolls of teleportation
 F - a scroll of immolation {unknown}
 G - a scroll of brand weapon
 H - 3 scrolls of magic mapping {unknown}
 K - a scroll of vulnerability {unknown}
 O - a scroll of silence {unknown}
Potions
 b - 3 potions of resistance
 e - 2 potions of berserk rage {unknown}
 i - 3 potions of attraction
 j - 6 potions of cancellation
 p - 2 potions of ambrosia
 u - 13 potions of curing
 x - 5 potions of mutation
 z - a potion of haste {unknown}
 M - 2 potions of might
 Z - a potion of invisibility {unknown}


   Skills:
 + Level 17.0 Fighting
 + Level 19.4 Axes
 + Level 13.2 Armour
 + Level 12.6 Dodging


You had 13 spell levels left.
You didn't know any spells.
Your spell library was empty.

Dungeon Overview and Level Annotations

Branches:
Dungeon (12/15)            Temple (0/1) D:7            Lair (5/5) D:8
  Swamp (1/4) Lair:2       Spider (0/4) Lair:2          Orc (2/2) D:10
    Elf (0/3) Orc:2         Sewer (visited)          Bailey (visited)
  IceCv (visited)
  Slime: Lair:4-5

Altars:
Ashenzari
Gozag
Kikubaaqudgha
Makhleb
Okawaru
Trog
Xom
Yredelemnul

Shops:
D:5 [   D:8 =   D:9 *   D:10 =   Orc:1 [   Orc:2 [*=*


Innate Abilities, Weirdness & Mutations

You have a pair of horns on your head.
You reflexively headbutt those who attack you in melee.
You are frail. (-10% HP)


Message History

The yak is engulfed in calcifying dust.
The yak stops moving altogether!
The water moccasin is engulfed in calcifying dust.
The water moccasin is moving more slowly.
You are engulfed in calcifying dust.
The jelly quivers.
The water moccasin is engulfed in calcifying dust.
The water moccasin stops moving altogether!
The jelly hits you.
You are splashed with acid!
* * * LOW HITPOINT WARNING * * *
The catoblepas gores you but does no damage.
The yak gores you.
* * * LOW HITPOINT WARNING * * *
The yak gores you.
The blink frog hits you but does no damage.
The water moccasin is engulfed in calcifying dust. x2
You are engulfed in calcifying dust.
The blink frog blinks!
The jelly hits you but does no damage.
A jelly comes into view.
The catoblepas gores you!
* * * LOW HITPOINT WARNING * * *
The water moccasin is engulfed in calcifying dust.
The yak gores you but does no damage. The yak gores you.
* * * LOW HITPOINT WARNING * * *
The water moccasin is engulfed in calcifying dust.
You are engulfed in calcifying dust.
The water moccasin is engulfed in calcifying dust.
The jelly hits you but does no damage.
The catoblepas breathes a plume of calcifying dust at you.
The blast of calcifying dust hits you.
* * * LOW HITPOINT WARNING * * *
The blast of calcifying dust hits the yak.
The blast of calcifying dust hits the water moccasin.
The yak gores you!
* * * LOW HITPOINT WARNING * * *
The yak gores you but does no damage.
The yak is engulfed in calcifying dust.
The water moccasin is engulfed in calcifying dust.
You are engulfed in calcifying dust.
The water moccasin is engulfed in calcifying dust.
The jelly hits you but does no damage. The catoblepas gores you!
You die...

..# #....# .##.
##....##...## .. ##..
#......#....###... #...
##......##.....#... ....
#.....P..#...P.....
....##........##§..... .
................SSSJ Y.
...............#YJ## .(.
#...#......#..##@YY# )...
..#####...#.#.F§YY.#$....
....###..###............F
.....##...##..F........#.
....#.#...#..........P...
....##...##.......#....#.
..#..#....##...#.#.#...#
#.####....###########....
### #...#.P ....


You could see a catoblepas, 4 yaks, 2 blink frogs, 3 water moccasins and 2
jellies.

Vanquished Creatures
  Gastronok (Lair:2)
  The ghost of Jeffwins the Severer, a journeyman OgMo of Okawaru (Orc:1)
  An orc warlord (Orc:2)
  3 hydras
  4 two-headed ogres
  2 orc high priests (Orc:2)
  5 death yaks (Lair:4)
  Urug (Lair:1)
  The ghost of Venard the Nimble, a novice GnGl (D:6)
  2 swamp dragons (Lair:3)
  2 bog bodies (Lair:2)
  Pikel (D:6)
  2 orc knights (Orc:2)
  An oklob plant (Lair:4)
  An ugly thing (IceCv)
  2 cyclopes
  6 orc sorcerers
  5 black mambas
  Maurice (D:9)
  11 elephants
  A guardian serpent (Lair:5)
  2 ice statues (IceCv)
  16 cane toads
  A torpor snail (Lair:5)
  A rime drake (Lair:3)
  7 komodo dragons
  3 kobold demonologists
  A freezing wraith (IceCv)
  2 ice devils (Orc:1)
  5 trolls
  A polar bear (D:10)
  Prince Ribbit (D:7)
  14 blink frogs
  A hornet (D:9)
  12 dream sheep (Lair:4)
  3 jumping spiders (Lair:2)
  3 culicivoras (Lair:2)
  3 shadows
  2 spriggans (D:10)
  28 yaks
  A wraith (D:12)
  5 neqoxecs (Orc:1)
  11 wyverns
  A basilisk (Lair:5)
  A steam dragon (D:8)
  3 redbacks (Lair:2)
  15 vampire mosquitoes
  A death yak simulacrum (IceCv)
  4 wargs
  15 water moccasins
  29 orc warriors
  3 ice beasts
  2 sky beasts (D:7)
  A black bear (D:6)
  A swamp drake (Lair:3)
  5 ogres
  3 wolves (Lair:5)
  12 centaurs
  2 phantoms
  2 lemures (D:6)
  4 kobold brigands
  5 bullfrogs
  3 gnoll sergeants
  2 scorpions
  8 wights
  6 killer bees (D:11)
  5 howler monkeys
  A crimson imp (D:8)
  4 jellies
  3 quasits (Orc:1)
  Crazy Yiuf (D:2)
  15 orc priests
  2 water moccasin simulacra (D:6)
  3 gnoll boudas
  2 hounds
  2 sleepcaps
  2 iguanas
  34 orc wizards
  A wolf simulacrum (IceCv)
  Robin (D:2)
  12 adders
  28 gnolls
  A river rat (D:4)
  2 shadow imps
  A white imp (D:6)
  An ufetubus (D:7)
  2 worms (D:4)
  2 dart slugs
  107 orcs
  5 ball pythons
  13 bats
  6 endoplasms
  6 giant cockroaches
  21 goblins
  8 hobgoblins
  3 jackals (D:4)
  22 kobolds
  4 quokkas
  2 frilled lizards (D:1)
  11 rats
638 creatures vanquished.

Vanquished Creatures (collateral kills)
  The ghost of ozzols the Impaler, a journeyman MiBe of Trog (D:10)
  Fannar (Orc:1)
  2 orc high priests (Orc:2)
  2 orc knights (Orc:2)
  2 orc warriors
  2 ice beasts (D:6)
  A wolf (D:10)
  A centaur (Bailey)
  A wight (D:9)
  A wyvern simulacrum (D:6)
  2 gnolls (D:9)
  2 orcs
18 creatures vanquished.

Vanquished Creatures (others)
  A bloated husk (Swamp:1)
  An orc warrior (Orc:2)
  An orc priest (Orc:2)
  An orc wizard (Orc:2)
  2 bushes (D:7)
  29 fungi
  43 plants
78 creatures vanquished.

Grand Total: 734 creatures vanquished

Notes
Turn   | Place    | Note
-------+----------+-------------------------------------------
     0 | D:1      | Erymatos the Minotaur Berserker began the quest for the
                  | Orb.
     0 | D:1      | Reached XP level 1. HP: 19/19 MP: 0/0
    74 | D:1      | Reached XP level 2. HP: 27/27 MP: 1/1
   246 | D:1      | Reached skill level 4 in Axes
   567 | D:1      | Reached XP level 3. HP: 33/33 MP: 2/2
   745 | D:2      | Reached ** piety under Trog
   986 | D:2      | Reached XP level 4. HP: 41/41 MP: 3/3
  1228 | D:2      | Noticed Robin
  1251 | D:2      | Killed Robin
  1375 | D:2      | Found a runed translucent door.
  1376 | D:2      | Noticed Crazy Yiuf
  1570 | D:2      | Killed Crazy Yiuf
  1571 | D:2      | Reached skill level 5 in Axes
  1571 | D:2      | Reached XP level 5. HP: 33/47 MP: 4/4
  1785 | D:3      | Found a broken altar of Ashenzari.
  1786 | D:3      | Found an ancient bone altar of Kikubaaqudgha.
  2529 | D:4      | Reached skill level 5 in Fighting
  2706 | D:4      | Reached *** piety under Trog
  2719 | D:4      | Identified the +6 hand axe of Linearity {freeze, rPois
                  | rCorr}
  2755 | D:4      | Identified the +0 ring mail of Omission {rCorr Str+4 Dex+2}
  2899 | D:4      | Reached XP level 6. HP: 46/56 MP: 5/5
  2899 | D:4      | Found a glowing drain.
  2906 | Sewer    | Entered a sewer
  2989 | Sewer    | Reached skill level 6 in Axes
  3436 | D:4      | Identified the +3 leather armour "Tafriofrug" {Int-4 Dex+5}
  3454 | D:4      | Reached XP level 7. HP: 61/61 MP: 6/6
  3620 | D:5      | Entered Level 5 of the Dungeon
  3620 | D:5      | Found a basalt altar of Yredelemnul.
  3627 | D:5      | Reached skill level 5 in Armour
  3638 | D:5      | Reached skill level 7 in Axes
  3683 | D:5      | Found an iron altar of Okawaru.
  3705 | D:5      | Found Enemm's Antique Armour Boutique.
  3721 | D:5      | Bought an embroidered cloak for 210 gold pieces
  3768 | D:5      | Found a bloodstained altar of Trog.
  3776 | D:5      | Reached **** piety under Trog
  3856 | D:5      | Found an opulent altar of Gozag.
  4090 | D:6      | Noticed Pikel
  4104 | D:6      | Killed Pikel
  4105 | D:6      | Reached skill level 8 in Axes
  4105 | D:6      | Reached XP level 8. HP: 70/70 MP: 7/7
  4155 | D:6      | Reached skill level 9 in Axes
  4200 | D:6      | Reached skill level 5 in Dodging
  4311 | D:6      | Found a runed translucent gate.
  4311 | D:6      | Found a runed translucent gate.
  4311 | D:6      | Found a runed translucent gate.
  4331 | D:6      | Noticed Venard's ghost (novice GnGl)
  4345 | D:6      | Killed Venard's ghost
  4346 | D:6      | Reached skill level 10 in Axes
  4346 | D:6      | Reached XP level 9. HP: 79/79 MP: 8/8
  4818 | D:6      | Reached skill level 11 in Axes
  5169 | D:7      | Found a staircase to the Ecumenical Temple.
  5300 | D:7      | Noticed a troll
  5307 | D:7      | Killed a troll
  5346 | D:7      | Noticed Prince Ribbit
  5353 | D:7      | Killed Prince Ribbit
  5714 | D:7      | Reached skill level 12 in Axes
  5877 | D:7      | Reached XP level 10. HP: 73/88 MP: 9/9
  6168 | D:8      | Found a staircase to the Lair.
  6388 | D:8      | Found a transporter.
  6388 | D:8      | Found Xohaiv's Jewellery Shoppe.
  6426 | D:8      | Found a transporter.
  6515 | D:8      | Reached skill level 13 in Axes
  6644 | D:8      | Found a burning altar of Makhleb.
  6647 | D:8      | Identified the +4 ring mail of Jiluttay {rC+ rN+}
  6785 | D:8      | Found a shimmering altar of Xom.
  6974 | D:9      | Reached ***** piety under Trog
  7106 | D:9      | Paralysed by a hornet for 2 turns
  7190 | D:9      | Reached skill level 14 in Axes
  7279 | D:9      | Noticed Maurice
  7293 | D:9      | Killed Maurice
  7294 | D:9      | Reached XP level 11. HP: 97/97 MP: 10/10
  7333 | D:9      | Found Zopliops's Island Escapes.
  7453 | D:9      | Found a flagged portal.
  7461 | Bailey   | Entered a bailey
  9173 | D:10     | Entered Level 10 of the Dungeon
  9203 | D:10     | Found a staircase to the Orcish Mines.
  9245 | D:10     | Reached skill level 10 in Armour
  9279 | D:10     | Found a runed translucent door.
  9282 | D:10     | Identified the +3 spear "Kothu" {heavy, Str-3 Int+3 Dex+3}
  9282 | D:10     | Noticed ozzols's ghost (journeyman MiBe)
  9316 | D:10     | Found Nuvyut's Jewellery Emporium.
  9395 | D:10     | Noticed a two-headed ogre
  9403 | D:10     | Killed a two-headed ogre
  9404 | D:10     | Reached skill level 10 in Fighting
 10019 | D:10     | Killed ozzols's ghost
 10365 | D:11     | Reached skill level 15 in Axes
 10799 | D:11     | Noticed a two-headed ogre
 10804 | D:11     | Killed a two-headed ogre
 11057 | D:12     | Reached XP level 12. HP: 110/110 MP: 11/11
 11457 | D:12     | Noticed a two-headed ogre
 11463 | D:12     | Killed a two-headed ogre
 11653 | Orc:1    | Entered Level 1 of the Orcish Mines
 11704 | Orc:1    | Found Oqen's Armour Shop.
 11723 | Orc:1    | Reached skill level 10 in Dodging
 11812 | Orc:1    | Bought a +0 pair of boots for 45 gold pieces
 11812 | Orc:1    | Bought a +0 pair of gloves for 45 gold pieces
 11959 | Orc:1    | Noticed Fannar
 11977 | Orc:1    | Killed Fannar
 12032 | Orc:1    | Found a transporter.
 12037 | Orc:1    | Found a transporter.
 12129 | Orc:1    | Noticed Jeffwins's ghost (journeyman OgMo)
 12177 | Orc:1    | Found a frozen archway.
 12203 | IceCv    | Entered an ice cave
 12224 | IceCv    | Found a transporter.
 12233 | IceCv    | Found a transporter.
 12259 | IceCv    | Reached skill level 16 in Axes
 12470 | Orc:1    | Gained mutation: Armour fits poorly on your strangely
                  | shaped body. [a neqoxec]
 12489 | Orc:1    | Gained mutation: You sometimes lose your temper in combat.
                  | [a neqoxec]
 12492 | Orc:1    | Killed Jeffwins's ghost
 12497 | Orc:1    | Identified the ring of Cimieb {MP+9 Str+2}
 12566 | Orc:2    | Entered Level 2 of the Orcish Mines
 12632 | Orc:2    | Noticed an orc warlord
 12677 | Orc:2    | Killed an orc warlord
 12714 | Orc:2    | Lost mutation: Armour fits poorly on your strangely shaped
                  | body. [potion of mutation]
 12714 | Orc:2    | Lost mutation: You sometimes lose your temper in combat.
                  | [potion of mutation]
 12714 | Orc:2    | Gained mutation: You are frail. (-10% HP) [potion of
                  | mutation]
 12797 | Orc:2    | Noticed a two-headed ogre
 12803 | Orc:2    | Killed a two-headed ogre
 13152 | Orc:2    | Noticed an orc high priest
 13160 | Orc:2    | Killed an orc high priest
 13165 | Orc:2    | Reached XP level 13. HP: 109/109 MP: 12/12
 13623 | Orc:2    | Found a staircase to the Elven Halls.
 13769 | Orc:2    | Paralysed by an orc sorcerer for 4 turns
 13804 | Orc:2    | Reached skill level 17 in Axes
 14200 | Orc:2    | Found Mek Ruos's Jewellery Shoppe.
 14200 | Orc:2    | Found Zali's General Store.
 14202 | Orc:2    | Found Xiloups's Antique Armour Shoppe.
 14202 | Orc:2    | Found Voyfer's General Store.
 14211 | Orc:2    | Bought a scroll of identify for 30 gold pieces
 14213 | Orc:2    | Bought a scroll of identify for 20 gold pieces
 14218 | Orc:2    | Bought the ring of Lok Yph {rF++ EV+5} for 726 gold pieces
 14366 | Lair:1   | Entered Level 1 of the Lair of Beasts
 14860 | Lair:1   | Noticed Urug
 14877 | Lair:1   | Killed Urug
 15433 | Orc:2    | Bought an amulet of guardian spirit for 360 gold pieces
 15628 | Lair:2   | Found a staircase to the Swamp.
 15644 | Swamp:1  | Entered Level 1 of the Swamp
 15652 | Swamp:1  | Noticed a bunyip
 15879 | Lair:2   | Noticed Gastronok
 15895 | Lair:2   | Killed Gastronok
 15947 | Lair:2   | Found a hole to the Spider Nest.
 16924 | Lair:3   | Reached skill level 15 in Fighting
 16993 | Lair:3   | Identified the +10 rapier of Karma {freeze, Str+5 Int-4}
 17282 | Lair:3   | Reached skill level 18 in Axes
 17541 | Lair:3   | Identified the +7 scale mail "Paniphak" {Str+2 SInv}
 17549 | Lair:3   | Identified the +1 leather armour of the Barnacle {Will+
                  | Int+3}
 18040 | Lair:4   | Reached XP level 14. HP: 120/121 MP: 13/13
 19067 | Lair:5   | Entered Level 5 of the Lair of Beasts
 19124 | Lair:5   | Identified the +6 battleaxe of a wizard's laboratory
                  | {antimagic, rPois rN+ Int-5 Stlth+} (Trog gifted it to you
                  | on level 5 of the Lair of Beasts)
 19124 | Lair:5   | Received a gift from Trog
 19150 | Lair:5   | Reached skill level 19 in Axes
 19411 | Lair:5   | Identified 3 scrolls of acquirement
 19674 | Lair:5   | HP: 9/189 [catoblepas/blast of calcifying dust (1)]
 19675 | Lair:5   | Slain by a catoblepas

Illustrated notes

Levels and vault maps discovered:
D:1:      minmay_arrival_open_corners, layout_basic, minmay_tree_intersection
D:2:      layout_loops_ring, uniq_robin, uniq_crazy_yiuf_cottage
D:3:      layout_basic, gammafunk_temple_overflow_statue
D:4:      layout_basic, gup_sewer_entry_bubbles, hangedman_minor_gate_pass
D:5:      layout_cave_pools, okawaru_metal_pillars_1_2, old_standard_altar,
          mainiacjoe_overflow_boulevard, mainiacjoe_overflow_catwalk,
          serial_shops, shop
D:6:      layout_basic, gammafunk_ghost_icy, uniq_pikel
D:7:      layout_basic, minmay_temple_entry_large_hall, minmay_hedge_maze,
          minmay_crystal_room, uniq_prince_ribbit1
D:8:      layout_basic, grunt_temple_overflow_champion_of_chaos,
          lair_entry_dummy, serial_shops, nicolae_shop_drivethru,
          minmay_diced_spiral
D:9:      layout_rooms, enter_bailey_3, st_stairs_14, grunt_decor_one_mirror,
          nicolae_island_escapes, uniq_maurice
D:10:     layout_cave_pods, hiddenorc2_lemuel, ebering_ghost_funeral_grove,
          serial_shops, shop, due_unseen_surprise
D:11:     layout_gridville
D:12:     layout_basic
Lair:1:   layout_loops_ring, lemuel_fruit_tree, grunt_megastairs_2, uniq_urug
Lair:2:   layout_roguey, skrybe_swamp_entry_bodies,
          nicolae_spider_entry_tight_spaces, uniq_gastronok
Lair:3:   layout_gridlike, pond, serial_bayou_shore_b
Lair:4:   layout_cave_shapes, minmay_stone_trees_medium, minivault_19
Lair:5:   hangedman_lair_tendril_chambers, layout_regular_city,
          minmay_slime_entry_jelly_boxes
Swamp:1:  layout_basic_swamp, evilmike_swamp_ruin_house_4
Orc:1:    layout_caves, gammafunk_ghost_stat_death,
          portal_ice_cave_demonic_guard, serial_shops, shop, uniq_fannar
Orc:2:    grunt_orc_tribal_feast, layout_diamond_mine

Skill      XL: |  1  2  3  4  5  6  7  8  9 10 11 12 13 14 |
---------------+-------------------------------------------+-----
Fighting       | 4 5 6 7 9 11 13 15 17 | 17.0
Axes           | 4 5 6 8 10 12 14 15 16 18 19 | 19.4
Armour         | 3 4 6 7 8 9 10 11 12 13 | 13.2
Dodging        | 3 4 5 6 7 9 10 11 12 | 12.6

Action                     |  1- 3 |  4- 6 |  7- 9 | 10-12 | 13-15 || total
---------------------------+-------+-------+-------+-------+-------++-------
  Melee: Hand axe          |    54 |   145 |   164 |   573 |   434 ||  1370
         Headbutt          |    10 |    20 |    26 |   127 |   133 ||   316
         Punch             |       |       |     4 |     5 |    12 ||    21
         Broad axe         |       |       |       |       |   133 ||   133
 Invoke: Berserk           |       |     5 |     4 |    13 |     7 ||    29
         Brothers in Arms  |       |       |     1 |     8 |     2 ||    11
         Trog's Hand       |       |       |       |    18 |     2 ||    20
  Evoke: Wand              |       |       |       |    12 |       ||    12
    Use: Scroll            |       |       |       |    10 |    18 ||    28
         Potion            |       |       |       |     1 |     2 ||     3
   Stab: Petrifying        |       |       |       |       |     1 ||     1
 Armour: Ring mail         |    16 |    48 |    24 |   107 |   141 ||   336
         Animal skin       |     1 |       |       |       |       ||     1
  Dodge: Dodged            |    40 |    94 |   116 |   634 |   474 ||  1358
